3AAA
ALASKAN HUMPBACKS @ HAMILTON COYOTES
09/18/2033
 
TOP OF THE 1ST
Alaskan Humpbacks batting - Pitching for Hamilton Coyotes : RHP Chris Kuhn
Pitching: RHP Chris Kuhn
Batting: LHB Dallas Ihde 0-0: Called Strike
0-1: Ball
1-1: Swinging Strike
1-2: Strikes out looking
Batting: LHB Gabriel Amezquita 0-0: Foul Ball, location: 2F
0-1: Ball
1-1: Ball
2-1: Foul Ball, location: 2F
2-2: Ball
3-2: Base on Balls
Batting: RHB Andrés Rodríguez 0-0: Foul Ball, location: 2F
0-1: Ball
1-1: Ball
2-1: Swinging Strike
2-2: Ball
3-2: Foul Ball, location: 2F
3-2: Ground out 6-3 (Groundball, 6)
Gabriel Amezquita to second
Batting: RHB Sigi Lang 0-0: Ball
1-0: Ground out 6-3 (Groundball, 6D)
Top of the 1st over - 0 runs, 0 hits, 0 errors, 1 left on base; Alaskan 0 - Hamilton 0
BOTTOM OF THE 1ST
Hamilton Coyotes batting - Pitching for Alaskan Humpbacks : RHP Francisco Barrios
Pitching: RHP Francisco Barrios
Batting: LHB Tony Rodríguez 0-0: Called Strike
0-1: Foul Ball, location: 2F
0-2: Fly out, F6 (Line Drive, 6M)
Batting: RHB Vincente Fuentes 0-0: Called Strike
0-1: Foul Ball, location: 2F
0-2: Ball
1-2: Ball
2-2: Fly out, F7 (Flyball, 7LS)
Batting: LHB Ed Mellor 0-0: Foul Ball, location: 2F
0-1: SINGLE (Flyball, 7LM)
Batting: LHB Scot Willis 0-0: Ball
1-0: SINGLE (Groundball, 3D)
Ed Mellor to second
Runner from 2nd tries for 3rd, SAFE, no throw
Batting: RHB Brandon Carroll 0-0: Foul Ball, location: 2F
0-1: Fly out, F8 (Flyball, 8RXD)
Bottom of the 1st over - 0 runs, 2 hits, 0 errors, 2 left on base; Alaskan 0 - Hamilton 0
TOP OF THE 2ND
Alaskan Humpbacks batting - Pitching for Hamilton Coyotes : RHP Chris Kuhn
Batting: RHB Yasuhide Nakashima 0-0: Called Strike
0-1: Called Strike
0-2: Ball
1-2: SINGLE (Flyball, 89S)
Batting: RHB Lee Suárez 0-0: Ball
1-0: Called Strike
1-1: Ball
2-1: Foul Ball, location: 2F
2-2: Fly out, F7 (Flyball, 78M)
Batting: RHB Luis Oliva 0-0: Fly out, F9 (Line Drive, 9)
Batting: RHB Pedro Larate 0-0: Called Strike
Yasuhide Nakashima steals 2nd base
0-1: Called Strike
0-2: Strikes out swinging
Top of the 2nd over - 0 runs, 1 hit, 0 errors, 1 left on base; Alaskan 0 - Hamilton 0
BOTTOM OF THE 2ND
Hamilton Coyotes batting - Pitching for Alaskan Humpbacks : RHP Francisco Barrios
Batting: RHB Duane Wills 0-0: Ball
1-0: Ground out 6-3 (Groundball, 6)
Batting: RHB Warren Martin 0-0: Called Strike
0-1: Foul Ball, location: 2F
0-2: Strikes out looking
Batting: RHB Mike Jennings 0-0: Ball
1-0: Fly out, F7 (Flyball, 7LM)
Bottom of the 2nd over - 0 runs, 0 hits, 0 errors, 0 left on base; Alaskan 0 - Hamilton 0
TOP OF THE 3RD
Alaskan Humpbacks batting - Pitching for Hamilton Coyotes : RHP Chris Kuhn
Batting: RHB Reece Cockin 0-0: Swinging Strike
0-1: Ball
1-1: Called Strike
1-2: DOUBLE (Line Drive, 7D)
Batting: LHB Dallas Ihde 0-0: Foul Ball, location: 2F
0-1: Fly out, F4 (Line Drive, 4)
Batting: LHB Gabriel Amezquita 0-0: Ball
1-0: Ball
2-0: Foul Ball, location: 2F
2-1: Ball
3-1: Base on Balls
Batting: RHB Andrés Rodríguez 0-0: Ball
1-0: Called Strike
1-1: Hit by Pitch
Reece Cockin to third
Gabriel Amezquita to second
Batting: RHB Sigi Lang 0-0: Called Strike
0-1: Swinging Strike
0-2: Foul Ball, location: 2F
0-2: Ball
1-2: Foul Ball, location: 2F
1-2: Reached on error, E4 (Groundball, 4M)
Reece Cockin scores
Gabriel Amezquita to third
Andrés Rodríguez to second
Batting: RHB Yasuhide Nakashima 0-0: Called Strike
0-1: Foul Ball, location: 2F
0-2: Hit by Pitch
Gabriel Amezquita scores
Andrés Rodríguez to third
Sigi Lang to second
Batting: RHB Lee Suárez 0-0: Called Strike
0-1: Ball
1-1: Foul Ball, location: 2F
1-2: Strikes out swinging
Batting: RHB Luis Oliva 0-0: Called Strike
0-1: Foul Ball, location: 2F
0-2: Ball
1-2: Foul Ball, location: 2F
1-2: Foul Ball, location: 2F
1-2: Foul Ball, location: 2F
1-2: Ball
2-2: Foul Ball, location: 2F
2-2: SINGLE (Line Drive, 78S)
Andrés Rodríguez scores
Sigi Lang to third
Yasuhide Nakashima to second
Runner from 3rd tries for Home, SAFE, throw made home
Batting: RHB Pedro Larate 0-0: Called Strike
0-1: Foul Ball, location: 2F
0-2: Ball
1-2: Ground out 1-3 (Groundball, P)
Top of the 3rd over - 4 runs, 2 hits, 1 error, 2 left on base; Alaskan 4 - Hamilton 0
BOTTOM OF THE 3RD
Hamilton Coyotes batting - Pitching for Alaskan Humpbacks : RHP Francisco Barrios
Batting: RHB Gerald Mills 0-0: Ball
1-0: Ball
2-0: Called Strike
2-1: Ball
3-1: Foul Ball, location: 2F
3-2: Strikes out looking
Batting: LHB Tony Rodríguez 0-0: Called Strike
0-1: Ball
1-1: Ball
2-1: Ball
3-1: Base on Balls
Batting: RHB Vincente Fuentes 0-0: Ball
Tony Rodríguez steals 2nd base
1-0: Ball
2-0: Swinging Strike
2-1: Ball
3-1: Foul Ball, location: 2F
3-2: Foul Ball, location: 2F
3-2: Foul Ball, location: 2F
3-2: Foul Ball, location: 2F
3-2: Base on Balls
Batting: LHB Ed Mellor 0-0: DOUBLE (Line Drive, 78D)
Tony Rodríguez scores
Vincente Fuentes to third
Runner from 3rd tries for Home, SAFE, throw made at trailing runner, OUT at third!
Batting: LHB Scot Willis 0-0: Ball
1-0: Ball
2-0: Ball
3-0: Called Strike
3-1: Foul Ball, location: 2F
3-2: Base on Balls
Batting: RHB Brandon Carroll 0-0: Called Strike
0-1: Ball
1-1: Ground out 4-3 (Groundball, 34)
Bottom of the 3rd over - 2 runs, 1 hit, 0 errors, 1 left on base; Alaskan 4 - Hamilton 2
TOP OF THE 4TH
Alaskan Humpbacks batting - Pitching for Hamilton Coyotes : RHP Chris Kuhn
Batting: RHB Reece Cockin 0-0: SINGLE (Groundball, 6MD)
Batting: LHB Dallas Ihde 0-0: Ball
1-0: SINGLE (Flyball, 9S)
Reece Cockin to second
Runner from 2nd tries for 3rd, SAFE, throw made to third
Batting: LHB Gabriel Amezquita 0-0: Called Strike
0-1: Ground out U3 (Groundball, 3S)
Reece Cockin scores
Dallas Ihde to second
Batting: RHB Andrés Rodríguez 0-0: Called Strike
0-1: Ball
1-1: Fly out, F7 (Flyball, 7LM)
Batting: RHB Sigi Lang 0-0: Fly out, F5 (Line Drive, 5)
Top of the 4th over - 1 run, 2 hits, 0 errors, 1 left on base; Alaskan 5 - Hamilton 2
BOTTOM OF THE 4TH
Hamilton Coyotes batting - Pitching for Alaskan Humpbacks : RHP Francisco Barrios
Batting: RHB Duane Wills 0-0: Called Strike
0-1: Fly out, F8 (Flyball, 8RD)
Batting: RHB Warren Martin 0-0: Ball
1-0: Swinging Strike
1-1: Swinging Strike
1-2: Strikes out swinging
Batting: RHB Mike Jennings 0-0: Called Strike
0-1: Swinging Strike
0-2: Strikes out looking
Bottom of the 4th over - 0 runs, 0 hits, 0 errors, 0 left on base; Alaskan 5 - Hamilton 2
TOP OF THE 5TH
Alaskan Humpbacks batting - Pitching for Hamilton Coyotes : RHP Chris Kuhn
Batting: RHB Yasuhide Nakashima 0-0: Ball
1-0: Ball
2-0: Ball
3-0: Base on Balls
Pitching: RHP Ed Maresh
Batting: RHB Lee Suárez 0-0: Ball
1-0: Bunted foul
1-1: Ball
2-1: Ball
3-1: Sac Bunt - play at first, batter OUT! 5-4
Yasuhide Nakashima to second
Batting: RHB Luis Oliva 0-0: Fly out, F7 (Flyball, 7)
Batting: RHB Pedro Larate 0-0: Ground out 6-3 (Groundball, 6)
Top of the 5th over - 0 runs, 0 hits, 0 errors, 1 left on base; Alaskan 5 - Hamilton 2
BOTTOM OF THE 5TH
Hamilton Coyotes batting - Pitching for Alaskan Humpbacks : RHP Francisco Barrios
Batting: RHB Gerald Mills 0-0: Ball
1-0: Fly out, F3 (Line Drive, 3L)
Batting: LHB Tony Rodríguez 0-0: Ball
1-0: Called Strike
1-1: Ball
2-1: Swinging Strike
2-2: Foul Ball, location: 2F
2-2: Foul Ball, location: 2F
2-2: Strikes out looking
Batting: RHB Vincente Fuentes 0-0: Ball
1-0: Ball
2-0: Swinging Strike
2-1: Called Strike
2-2: Fly out, F4 (Flyball, 34D)
Bottom of the 5th over - 0 runs, 0 hits, 0 errors, 0 left on base; Alaskan 5 - Hamilton 2
TOP OF THE 6TH
Alaskan Humpbacks batting - Pitching for Hamilton Coyotes : RHP Ed Maresh
Batting: RHB Reece Cockin 0-0: Ball
1-0: Ball
2-0: SINGLE (Groundball, 34D)
Batting: LHB Dallas Ihde 0-0: Ball
1-0: Bunt missed!
1-1: Sac Bunt - play at first, batter OUT! 1-4
Reece Cockin to second
Batting: LHB Gabriel Amezquita 0-0: Ball
1-0: Ground out U3 (Groundball, 3)
Reece Cockin to third
Batting: RHB Andrés Rodríguez 0-0: Ball
1-0: DOUBLE (Flyball, 8LXD)
Reece Cockin scores
Batting: RHB Sigi Lang 0-0: Fly out, F7 (Flyball, 7LSF)
Top of the 6th over - 1 run, 2 hits, 0 errors, 1 left on base; Alaskan 6 - Hamilton 2
BOTTOM OF THE 6TH
Hamilton Coyotes batting - Pitching for Alaskan Humpbacks : RHP Francisco Barrios
Batting: LHB Ed Mellor 0-0: Ground out 6-3 (Groundball, 6)
Batting: LHB Scot Willis 0-0: Ball
1-0: Ball
2-0: Ground out U3 (Groundball, 34)
Batting: RHB Brandon Carroll 0-0: SINGLE (Flyball, 78S)
Batting: RHB Duane Wills 0-0: DOUBLE (Flyball, 89D)
Brandon Carroll to third
Batting: RHB Warren Martin 0-0: Ball
1-0: Ball
2-0: Foul Ball, location: 2F
2-1: Ball
3-1: Base on Balls
Pitching: RHP Jorge Garza
Batting: RHB Mike Jennings 0-0: Ball
Wild Pitch!
Brandon Carroll scores
Duane Wills to third
Warren Martin to second
1-0: Foul Ball, location: 2F
1-1: Foul Ball, location: 2F
1-2: Ball
2-2: Ground out U3 (Groundball, 3S)
Bottom of the 6th over - 1 run, 2 hits, 0 errors, 2 left on base; Alaskan 6 - Hamilton 3
TOP OF THE 7TH
Alaskan Humpbacks batting - Pitching for Hamilton Coyotes : RHP Ed Maresh
Batting: RHB Yasuhide Nakashima 0-0: Ball
1-0: Foul Ball, location: 2F
1-1: Ball
2-1: Fly out, F9 (Flyball, 9S)
Batting: RHB Lee Suárez 0-0: Called Strike
0-1: Swinging Strike
0-2: Fly out, F9 (Flyball, 9S)
Batting: RHB Luis Oliva 0-0: Ball
1-0: Foul Ball, location: 2F
1-1: SINGLE (Line Drive, 8LS)
Batting: RHB Pedro Larate 0-0: Called Strike
0-1: Fielders Choice at 2nd, 5-4 (Groundball, 56)
Top of the 7th over - 0 runs, 1 hit, 0 errors, 1 left on base; Alaskan 6 - Hamilton 3
BOTTOM OF THE 7TH
Hamilton Coyotes batting - Pitching for Alaskan Humpbacks : RHP Jorge Garza
Batting: RHB Gerald Mills 0-0: Foul Ball, location: 2F
0-1: DOUBLE (Flyball, 8LXD)
Batting: LHB Tony Rodríguez 0-0: Called Strike
0-1: Fly out, F5 (Line Drive, 56S)
Batting: RHB Vincente Fuentes 0-0: SINGLE (Groundball, 6MD)
Gerald Mills to third
Runner from 3rd tries for Home, SAFE, no throw
Batting: LHB Ed Mellor 0-0: Fly out, F8 (Flyball, 78D)
Batting: LHB Scot Willis 0-0: Ball
1-0: Ball
2-0: Swinging Strike
2-1: Foul Ball, location: 2F
2-2: SINGLE (Groundball, 25) (infield hit)
Vincente Fuentes to second
Batting: RHB Brandon Carroll 0-0: Called Strike
0-1: Ball
1-1: Ball
2-1: Ball
3-1: Foul Ball, location: 2F
3-2: Base on Balls
Vincente Fuentes to third
Scot Willis to second
Pinch Hitting: LHB Dong-jin Kim 0-0: Foul Ball, location: 2F
0-1: Foul Ball, location: 2F
0-2: Foul Ball, location: 2F
0-2: Ball
1-2: Ball
2-2: Foul Ball, location: 2F
2-2: Foul Ball, location: 2F
2-2: Fly out, F8 (Flyball, 89M)
Bottom of the 7th over - 1 run, 3 hits, 0 errors, 3 left on base; Alaskan 6 - Hamilton 4
TOP OF THE 8TH
Alaskan Humpbacks batting - Pitching for Hamilton Coyotes : RHP Ed Maresh
Now in RF: Dong-jin Kim
Batting: RHB Reece Cockin 0-0: Ball
1-0: Called Strike
1-1: Ball
2-1: Fly out, F7 (Flyball, 78S)
Batting: LHB Dallas Ihde 0-0: Called Strike
0-1: Ball
1-1: Ball
2-1: Foul Ball, location: 2F
2-2: Ball
3-2: Ground out U3 (Groundball, 34S)
Batting: LHB Gabriel Amezquita 0-0: Ball
1-0: Ball
2-0: Called Strike
2-1: Fly out, F3 (Popup, 3D)
Top of the 8th over - 0 runs, 0 hits, 0 errors, 0 left on base; Alaskan 6 - Hamilton 4
BOTTOM OF THE 8TH
Hamilton Coyotes batting - Pitching for Alaskan Humpbacks : RHP Jorge Garza
Batting: RHB Warren Martin 0-0: Ball
1-0: Called Strike
1-1: Foul Ball, location: 2F
1-2: Ball
2-2: Strikes out looking
Batting: RHB Mike Jennings 0-0: Ball
1-0: Ball
2-0: Foul Ball, location: 2F
2-1: Called Strike
2-2: Strikes out swinging
Batting: RHB Gerald Mills 0-0: Called Strike
0-1: Swinging Strike
0-2: SINGLE (Groundball, 56D)
Batting: LHB Tony Rodríguez 0-0: Swinging Strike
0-1: Fielders Choice at 2nd, U6 (Groundball, 6M)
Bottom of the 8th over - 0 runs, 1 hit, 0 errors, 1 left on base; Alaskan 6 - Hamilton 4
TOP OF THE 9TH
Alaskan Humpbacks batting - Pitching for Hamilton Coyotes : RHP Ed Maresh
Pitching: RHP Norberto Flores
Batting: RHB Andrés Rodríguez 0-0: Called Strike
0-1: Ball
1-1: Called Strike
1-2: Fly out, F4 (Line Drive, 4M)
Batting: RHB Sigi Lang 0-0: Ball
1-0: Foul Ball, location: 2F
1-1: Foul Ball, location: 2F
1-2: Foul Ball, location: 2F
1-2: Foul Ball, location: 2F
1-2: SINGLE (Flyball, 9S)
Batting: RHB Yasuhide Nakashima 0-0: Ball
1-0: Called Strike
1-1: SINGLE (Line Drive, 3)
Sigi Lang to second
Pinch Hitting: LHB Kanko Umaba 0-0: Called Strike
0-1: Ball
1-1: Foul Ball, location: 2F
1-2: Strikes out looking
Pinch Hitting: RHB Doug Allerdale 0-0: Ball
1-0: Called Strike
1-1: Foul Ball, location: 2F
1-2: Foul Ball, location: 2F
1-2: DOUBLE (Flyball, 9LD)
Sigi Lang scores
Yasuhide Nakashima to third
Batting: RHB Pedro Larate 0-0: Ground out 1-3 (Groundball, P)
Top of the 9th over - 1 run, 3 hits, 0 errors, 2 left on base; Alaskan 7 - Hamilton 4
BOTTOM OF THE 9TH
Hamilton Coyotes batting - Pitching for Alaskan Humpbacks : RHP Jorge Garza
Now at C: Doug Allerdale
Now in RF: Kanko Umaba
Batting: RHB Vincente Fuentes 0-0: Called Strike
0-1: SINGLE (Groundball, 6MD)
Batting: LHB Ed Mellor 0-0: Foul Ball, location: 2F
0-1: Ball
1-1: Ball
2-1: Foul Ball, location: 2F
2-2: Foul Ball, location: 2F
2-2: Fly out, F6 (Popup, 6MD)
Pitching: RHP Woody Carlson
Batting: LHB Scot Willis 0-0: Ball
1-0: Swinging Strike
1-1: Ball
2-1: Fly out, F8 (Line Drive, 89M)
Batting: RHB Brandon Carroll 0-0: Foul Ball, location: 2F
0-1: Hit by Pitch
Vincente Fuentes to second
Batting: LHB Dong-jin Kim 0-0: Ball
1-0: Foul Ball, location: 2F
1-1: Called Strike
1-2: Ball
2-2: Strikes out swinging
Bottom of the 9th over - 0 runs, 1 hit, 0 errors, 2 left on base; Alaskan 7 - Hamilton 4
Saturday, December 22nd, 2018 - OOTP Baseball 18.8 Build 76